 Dungeon Crawl Stone Soup version 0.17-a0-1521-gbe3fe00 (webtiles) character file.

65405 Malachi the Cleaver (level 14, 0/118 HPs)
             Began as a Demonspawn Berserker on July 14, 2015.
             Was the Champion of Trog.
             Slain by an orc knight
             ... wielding a +0 great mace
              (24 damage)
             ... on level 3 of the Orcish Mines.
             The game lasted 01:01:29 (26209 turns).

Malachi the Cleaver (Demonspawn Berserker)         Turns: 26209, Time: 01:01:29

Health: 0/118      AC: 21    Str: 24    XL:     14   Next: 75%
Magic:  15/15      EV: 12    Int:  9    God:    Trog [******]
Gold:   1771       SH:  0    Dex: 13    Spells: 0 memorised, 13 levels left

rFire  + + +     SeeInvis .     v - +2 broad axe (flame)
rCold  . . .     Clarity  .     y - +0 fire dragon armour
rNeg   . . .     SustAt   .     (no shield)
rPois  +         Gourm    .     (helmet unavailable)
rElec  .         Spirit   .     u - +2 cloak {rPois}
rCorr  .         Warding  .     (no gloves)
rMut   .         Stasis   .     t - +1 pair of boots
MR     +....                    (no amulet)
Stlth  +.........               a - ring of protection from fire
                                P - ring of protection from cold

@: drained, somewhat resistant to hostile enchantments, very unstealthy
A: horns 3, molten scales 2, powered by pain 1, strong 1, rot immunity
a: Burn Spellbooks, Berserk, Trog's Hand, Brothers in Arms, Renounce Religion


You were on level 3 of the Orcish Mines.
You worshipped Trog.
Trog was exalted by your worship.
You were not hungry.

You visited 3 branches of the dungeon, and saw 23 of its levels.

You collected 1771 gold pieces.

Inventory:

Hand weapons
 m - a +2 demon trident of pain
 q - a +3 executioner's axe of venom
 v - a +2 broad axe of flaming (weapon)
 J - a +4 antimagic war axe
 M - a +3 arbalest of flaming
 Z - a +1 battleaxe
Missiles
 C - 70 poisoned needles
 R - 62 bolts
 S - 16 bolts of flame
Armour
 t - a +1 pair of boots (worn)
 u - a +2 cloak of poison resistance (worn)
 y - a +0 fire dragon armour (worn)
 G - the +6 scale mail "Luohucki" {rF- rCorr Str+5}
   (You found it on level 7 of the Lair of Beasts)

   It affects your strength (+5).
   It makes you vulnerable to fire.
   It protects you from acid and corrosion.
Jewellery
 a - a ring of protection from fire (right hand)
 w - an uncursed ring of flight
 D - the ring "Annoeriu" {+Fly rElec rPois Dex-3}
   (You found it on level 8 of the Lair of Beasts)

   [ring of flight]

   It affects your dexterity (-3).
   It insulates you from electricity.
   It protects you from poison.
   It lets you fly.
 H - an uncursed ring of protection from fire
 N - an uncursed ring of see invisible
 P - a ring of protection from cold (left hand)
Magical devices
 p - a wand of cold (2)
 x - a wand of teleportation (4)
 A - a wand of cold (5)
 I - a wand of digging (5)
 L - a wand of cold (5)
 T - a wand of teleportation (4)
 U - a wand of cold (8)
 W - a wand of disintegration (6)
Scrolls
 e - 3 scrolls of fog
 f - 4 scrolls of blinking
 h - 2 scrolls of magic mapping
 l - 2 scrolls of immolation
 o - 2 scrolls of identify
 F - 8 scrolls of remove curse
 O - 5 scrolls of teleportation
 Q - 2 scrolls of brand weapon
 V - a scroll of enchant armour
Potions
 b - 3 potions of mutation
 d - a potion of might
 g - 2 potions of agility
 i - 3 potions of lignification
 k - a potion of haste
 n - a potion of magic
 r - 4 potions of curing
 s - 2 potions of brilliance
 z - a potion of flight
 E - 2 potions of cancellation
 Y - 2 potions of cure mutation
Comestibles
 c - 4 bread rations
 j - 5 meat rations
 K - 10 royal jellies


   Skills:
 + Level 13.6(13.2) Fighting
 + Level 14.3(14.0) Axes
 + Level 0.8(0.6) Crossbows
 + Level 12.8(12.5) Armour
 + Level 7.0(6.7) Dodging
 + Level 3.3(3.0) Stealth
 + Level 1.8(1.5) Evocations


You had 13 spell levels left.
You didn't know any spells.

Dungeon Overview and Level Annotations

Branches:
Dungeon (11/15)              Lair (8/8) D:11          Swamp (0/4) Lair:6
 Spider (0/4) Lair:4        Slime (0/6) Lair:8          Orc (4/4) D:10
    Elf (0/3) Orc:3
 Temple: D:4-7

Altars:
Cheibriados
Dithmenos
Elyvilon
Fedhas
Qazlal
Vehumet
Xom
The Shining One

Shops:
D:7 %   D:11 *   Orc:4 *

Annotations:
D:9 1 runed door


Innate Abilities, Weirdness & Mutations

You have a pair of large horns on your head.
You are mostly covered in molten scales (AC +3, EV -1).
You sometimes gain a little power by taking damage.
You are immune to rotting.
Your muscles are strong. (Str +2)


Message History

The orc warrior hits you from afar with a trident!!
The orc high priest mumbles some strange prayers to Beogh against you.
Something smites you!
The orange demon stings you but does no damage.
The ufetubus misses you. The ufetubus barely misses you.
The orc warrior hits you from afar with a trident of venom!
The orc knight hits you with a great mace!
The ufetubus hits you but does no damage.
The ufetubus closely misses you.
The orc warrior hits you from afar with a trident!!
* * * LOW HITPOINT WARNING * * *
The orange demon stings you but does no damage.
You climb upwards.
There is a stone staircase leading down here.
Unknown command.
Use which ability? (? or * to list)
Your troll goes berserk!
You feel somewhat more hungry.
The orc knight hits you with a great mace!!
You die...

#....#.#.........###.####..
##...######.......# ### #...
#.....## #........###.# ##..
#.#....###.........##.## #..
###............##......# ##.
#.#.........###......# #.
###........## #......# ##
#.......## ###)).#####
#......@.###.#.......###
##....oT.##..........##.
#####...)[..[.###...#.....##
#.......#[.........###....##
#.....#.#..).......# ##....)
##....#######.....### ##...#
#.......##......)..#####....#
##.............#[[[..#......#
###...........#.)(........##


You could see an orc knight (frenzied) and a friendly troll (berserk).

Vanquished Creatures
  Maud (D:11)
  Snorg (Lair:4)
  Harold (Lair:2)
  Erica (Lair:2)
  Erolcha (Orc:2)
  12 hydras
  A catoblepas (Lair:5)
  11 death yaks
  2 hill giants (D:11)
  A lindwurm (Lair:8)
  2 oklob plants
  An orc knight (Orc:2)
  A griffon (Lair:8)
  Maurice (D:11)
  3 torpor snails
  6 elephants (Lair:8)
  5 black mambas
  2 kobold demonologists (D:11)
  10 komodo dragons
  11 spiny frogs
  A queen bee (Lair:2)
  2 polar bears
  Prince Ribbit (D:6)
  A troll (D:11)
  2 two-headed ogres
  21 blink frogs
  A mottled dragon (D:8)
  2 wyverns
  46 yaks
  Grum (D:11)
  5 basilisks
  37 wolves
  7 hippogriffs
  Menkaure (D:4)
  2 soldier ants (D:8)
  2 wargs
  9 water moccasins
  12 porcupines
  10 orc warriors
  2 sky beasts
  3 ice beasts
  8 spiders (Lair:4)
  2 black bears
  4 ogres
  A necrophage (D:11)
  5 centaurs
  A big kobold (D:11)
  14 crocodiles
  A gnoll sergeant (D:8)
  19 giant frogs
  3 scorpions
  25 killer bees
  An electric eel (Lair:8)
  12 wights
  4 crimson imps
  2 giant frog zombies
  13 orc priests
  A centaur zombie (D:11)
  6 jellies
  2 gnoll shamans
  6 hounds
  A worker ant (D:7)
  Natasha (thrice) (D:4)
  21 orc wizards
  15 iguanas
  8 sheep
  A killer bee zombie (D:8)
  A hound skeleton (D:9)
  A worker ant zombie (D:6)
  15 adders
  51 river rats
  17 gnolls
  4 shadow imps
  3 oozes
  An adder zombie (D:6)
  4 worms
  An adder skeleton (D:8)
  4 giant geckos
  111 orcs
  2 ball pythons
  7 bats
  2 giant cockroaches
  18 hobgoblins
  15 jackals
  18 kobolds
  6 quokkas
  7 giant newts
  9 goblins
  A goblin skeleton (D:7)
  A goblin zombie (D:7)
  3 hobgoblin zombies (D:7)
  A kobold skeleton (D:7)
  2 orc zombies (D:7)
  12 rats
  12 fungi
  14 plants
764 creatures vanquished.

Vanquished Creatures (others)
  66 fungi
  34 plants
100 creatures vanquished.

Grand Total: 864 creatures vanquished

Notes
Turn   | Place    | Note
--------------------------------------------------------------
     0 | D:1      | Malachi the Demonspawn Berserker began the quest for the Orb.
     0 | D:1      | Reached XP level 1. HP: 18/18 MP: 1/1
     6 | D:1      | Noticed a redback
     6 | D:1      | Noticed a polar bear
     6 | D:1      | Noticed a hog
     7 | D:1      | Noticed a komodo dragon
     7 | D:1      | Noticed an anaconda
   146 | D:1      | Gained mutation: You are immune to rotting. [demonic ancestry]
   146 | D:1      | Reached XP level 2. HP: 16/24 MP: 2/2
   827 | D:2      | Acquired Trog's second power
  1225 | D:2      | Reached XP level 3. HP: 19/29 MP: 3/3
  2092 | D:2      | Reached XP level 4. HP: 35/35 MP: 4/4
  2520 | D:3      | Found a snail-covered altar of Cheibriados.
  2621 | D:3      | Reached XP level 5. HP: 40/42 MP: 5/5
  3241 | D:4      | Reached skill level 4 in Axes
  3247 | D:4      | Gained mutation: You sometimes gain a little power by taking damage. [demonic ancestry]
  3247 | D:4      | Reached XP level 6. HP: 48/48 MP: 6/6
  3360 | D:4      | Noticed Menkaure
  3365 | D:4      | Killed Menkaure
  3763 | D:4      | Noticed Natasha
  3772 | D:4      | Killed Natasha
  3800 | D:4      | Found a white marble altar of Elyvilon.
  3961 | D:4      | Noticed Natasha
  3966 | D:4      | Killed Natasha
  4128 | D:4      | Noticed Natasha
  4131 | D:4      | Killed Natasha
  4175 | D:5      | Entered Level 5 of the Dungeon
  4180 | D:5      | Reached skill level 1 in Stealth
  4180 | D:5      | Gained mutation: You have a pair of small horns on your head. [demonic ancestry]
  4180 | D:5      | Reached XP level 7. HP: 49/55 MP: 7/7
  4197 | D:5      | You fall through a shaft!
  4200 | D:6      | Acquired Trog's third power
  4202 | D:6      | Reached skill level 5 in Axes
  4304 | D:6      | Found a stormy altar of Qazlal.
  4882 | D:6      | Reached skill level 5 in Fighting
  4927 | D:6      | Reached XP level 8. HP: 62/62 MP: 8/8
  5064 | D:6      | Noticed Prince Ribbit
  5074 | D:6      | Killed Prince Ribbit
  5074 | D:6      | Reached skill level 6 in Axes
  5358 | D:7      | Found a glowing golden altar of the Shining One.
  5463 | D:7      | Found Isecua's Food Shoppe.
  5767 | D:7      | Found a shadowy altar of Dithmenos.
  5767 | D:7      | Found a shimmering altar of Xom.
  5979 | D:7      | Reached skill level 5 in Armour
  6094 | D:7      | Got a fine mace
  6112 | D:7      | Identified the cursed +0 mace of Kahor {vamp, rC- MR++ Int+4} (You found it on level 7 of the Dungeon)
  6807 | D:8      | Reached XP level 9. HP: 61/69 MP: 9/9
  7064 | D:8      | Reached skill level 7 in Axes
  7457 | D:8      | Reached skill level 5 in Dodging
  7830 | D:9      | Found a radiant altar of Vehumet.
  8336 | D:9      | Found a glowing golden altar of the Shining One.
  8337 | D:9      | Noticed an angel
  8354 | D:9      | Got a smoking ring mail
  8372 | D:9      | Found a runed door.
  8484 | D:9      | Reached skill level 8 in Axes
  8713 | D:10     | Entered Level 10 of the Dungeon
  8990 | D:10     | Reached XP level 10. HP: 54/79 MP: 10/10
  8992 | D:10     | Received a gift from Trog
  9906 | D:10     | Found a staircase to the Orcish Mines.
 10418 | D:11     | Noticed a hill giant
 10423 | D:11     | Reached skill level 9 in Axes
 10430 | D:11     | Killed a hill giant
 10520 | D:11     | Noticed Maurice
 10527 | D:11     | Killed Maurice
 10581 | D:11     | Found a staircase to the Lair.
 10590 | D:11     | Found Kupebir's Assorted Antiques.
 10592 | D:11     | Found a blossoming altar of Fedhas.
 10813 | D:11     | Noticed a hill giant
 10818 | D:11     | Killed a hill giant
 10873 | D:11     | Noticed an oklob plant
 10885 | D:11     | Killed an oklob plant
 10885 | D:11     | Gained mutation: You are partially covered in molten scales (AC +1). [demonic ancestry]
 10885 | D:11     | Reached XP level 11. HP: 87/87 MP: 11/11
 10962 | D:11     | Noticed Maud
 10981 | D:11     | Killed Maud
 10981 | D:11     | Reached skill level 10 in Axes
 11131 | D:11     | Noticed Grum
 11147 | D:11     | Killed Grum
 11514 | D:11     | Received a gift from Trog
 11869 | D:11     | Noticed an ice devil
 12011 | Lair:1   | Entered Level 1 of the Lair of Beasts
 12996 | Lair:1   | Reached skill level 10 in Fighting
 13838 | Lair:2   | Noticed Erica
 13849 | Lair:2   | Killed Erica
 13849 | Lair:2   | Reached skill level 11 in Axes
 13994 | Lair:2   | Noticed Harold
 14025 | Lair:2   | Gained mutation: You are mostly covered in molten scales (AC +3, EV -1). [demonic ancestry]
 14025 | Lair:2   | Reached XP level 12. HP: 62/97 MP: 12/12
 14028 | Lair:2   | Killed Harold
 14028 | Lair:2   | Reached skill level 10 in Armour
 14547 | Lair:2   | Received a gift from Trog
 15437 | Lair:2   | Noticed an eight-headed hydra
 15443 | Lair:2   | Killed a five-headed hydra
 15521 | Lair:3   | Noticed a four-headed hydra
 15551 | Lair:2   | Killed a five-headed hydra
 16030 | Lair:3   | Noticed a six-headed hydra
 16042 | Lair:3   | Killed a 12-headed hydra
 16653 | Lair:3   | Reached skill level 1 in Evocations
 16787 | Lair:3   | Reached skill level 12 in Axes
 17696 | Lair:4   | Noticed Snorg
 17706 | Lair:4   | Killed Snorg
 17955 | Lair:4   | Received a gift from Trog
 18105 | Lair:4   | Found a hole to the Spider Nest.
 18114 | Lair:4   | Gained mutation: You have a pair of horns on your head. [demonic ancestry]
 18114 | Lair:4   | Reached XP level 13. HP: 100/106 MP: 13/13
 18646 | Lair:5   | Received a gift from Trog
 18715 | Lair:5   | Identified the Grimoire of Shifting Unholy Rites
 20299 | Lair:6   | Reached skill level 13 in Axes
 20478 | Lair:6   | Found a staircase to the Swamp.
 21038 | Lair:6   | Gained mutation: Your muscles are strong. (Str +2) [potion of beneficial mutation]
 21499 | Lair:7   | Gained mutation: You have a pair of large horns on your head. [demonic ancestry]
 21499 | Lair:7   | Reached XP level 14. HP: 116/116 MP: 15/15
 21976 | Lair:7   | Got a distressingly furry scale mail
 21980 | Lair:7   | Identified the +6 scale mail "Luohucki" {rF- rCorr Str+5} (You found it on level 7 of the Lair of Beasts)
 22606 | Lair:8   | Entered Level 8 of the Lair of Beasts
 22615 | Lair:8   | Received a gift from Trog
 22932 | Lair:8   | HP: 2/118 [black mamba (11)]
 23619 | Lair:8   | Found a staircase to the Slime Pits.
 24078 | Lair:8   | Reached skill level 14 in Axes
 24274 | Lair:8   | Received a gift from Trog
 24295 | Lair:8   | Got a shimmering marble ring
 24296 | Lair:8   | Identified the ring "Annoeriu" {+Fly rElec rPois Dex-3} (You found it on level 8 of the Lair of Beasts)
 25145 | Orc:1    | Entered Level 1 of the Orcish Mines
 25212 | Orc:2    | Noticed Erolcha
 25218 | Orc:2    | Killed Erolcha
 25472 | Orc:2    | Received a gift from Trog
 25751 | Orc:3    | Found a staircase to the Elven Halls.
 25932 | Orc:3    | Received a gift from Trog
 26183 | Orc:4    | Entered Level 4 of the Orcish Mines
 26197 | Orc:4    | Noticed an orc warlord
 26197 | Orc:4    | Found Tibeehicho's General Store.
 26209 | Orc:3    | Slain by an orc knight

Vault maps used:
D:1:      onia_arrival_zoo_common, minmay_stone_trees_medium,
          minmay_stone_trees_small, roderic_chinese_pattern_swastika
D:3:      cheibriados_altar_1
D:4:      lemuel_coloured_pillars_altar, first_bread, kennysheep_generic_room_3,
          uniq_menkaure, uniq_natasha
D:5:      lemuel_temple_firewalk, serial_shops, shop, uniq_blork_the_orc
D:6:      lemuel_crystal_altar, uniq_prince_ribbit1
D:7:      nicolae_tso_besieged_by_evil, gammafunk_temple_overflow_elements,
          serial_shops, nicolae_shop_window_shopping
D:8:      hangedman_pestilent_swarm
D:9:      vehumet_altar_wand_db, lemuel_angel_altar
D:10:     orc_0_dummy
D:11:     dpeg_oklobed_lair, serial_shops, nicolae_shop_overgrown_old_shop,
          fedhas_altar_1, uniq_maurice, uniq_grum, uniq_maud
Lair:2:   beast_lair_carwin_large_4, special_room, uniq_harold, uniq_erica
Lair:3:   nicolae_quartered_pool_super
Lair:4:   spider_nest_entry_a, uniq_snorg
Lair:6:   swamp_mist, roderic_lost_polar_bear, serial_bayou_shore_b
Lair:7:   bh_autumn_forest_stairs
Lair:8:   due_jungle_book, slime_dummy, wad_woods_river_03
Orc:1:    nicolae_orc_accident_2
Orc:2:    uniq_erolcha
Orc:3:    nicolae_orc_pool_cavern
Orc:4:    grunt_orc_gardens, grunt_orc_garden, grunt_orc_garden,
          grunt_orc_garden, grunt_orc_garden

Action                   |  1- 3 |  4- 6 |  7- 9 | 10-12 | 13-15 || total
-------------------------+-------+-------+-------+-------+-------++-------
Melee: Hand axe          |   128 |    60 |       |       |       ||   188
       War axe           |       |   126 |   348 |   459 |   494 ||  1427
       Battleaxe         |       |       |       |   126 |       ||   126
       Quick blade       |       |       |       |    17 |       ||    17
       Scimitar          |       |       |       |     4 |       ||     4
       Broad axe         |       |       |       |       |   201 ||   201
       Executioner's axe |       |       |       |       |    10 ||    10
 Fire: Arbalest          |       |       |       |     3 |       ||     3
Invok: Berserk           |     1 |     3 |     5 |    14 |    14 ||    37
       Trog's Hand       |       |       |       |     1 |       ||     1
       Brothers in Arms  |       |       |       |       |     1 ||     1
Evoke: Wand              |       |       |       |     8 |     5 ||    13
  Use: Scroll            |       |     6 |     9 |    11 |     7 ||    33
       Potion            |       |       |       |     9 |     4 ||    13
 Stab: Sleeping          |     1 |       |       |       |       ||     1
       Invisible         |       |       |       |       |     1 ||     1
  Eat: Chunk             |     4 |     9 |     9 |    22 |    19 ||    63
       Fruit             |       |     2 |     1 |     5 |     3 ||    11
       Bread ration      |       |       |     2 |       |     2 ||     4
       Beef jerky        |       |       |     1 |     2 |     3 ||     6
       Meat ration       |       |       |     1 |     1 |       ||     2
       Royal jelly       |       |       |       |     4 |     4 ||     8
       Pizza             |       |       |       |     1 |       ||     1
